General information
- name: BNet
- type: Ladder team game (AT/RT)
- host: Battle.net
- saver: aGain.reGGins
map: Deadlock
- players: 8
- length: 11:43
- speed: Fast
- version: 1.26 W3XP
- replay type: Public
» download(77 KB)
Players
team 1 (winner)
Horus-web[fr] (
purple | 32 APM | 379 actions | 11:43)
3 Crypt Lord
2 Carrion Beetles
1 Impale
» actions
| Assign group hotkey | 4 | |
| Build / train | 36 | |
| Enter build submenu | 13 | |
| Enter hero's abilities submenu | 3 | |
| Right click | 144 | |
| Select / deselect | 122 | |
| Select group hotkey | 22 | |
| Use ability | 35 | |
379 total
» units
| Acolyte | 3 | |
| Ghoul | 3 | |
| Crypt Fiend | 9 | |
| Obsidian Statue | 2 | |
17 total
» upgrades
| Creature Attack | 2 | |
| Burrow | 1 | |
| Creature Carapace | 2 | |
| Destroyer Form | 1 | |
6 total
» buildings
| Ziggurat | 5 | |
| Crypt | 1 | |
| Altar of Darkness | 1 | |
| Graveyard | 1 | |
| Nerubian Tower | 1 | |
| Tomb of Relics | 1 | |
| Halls of the Dead | 1 | |
| Black Citadel | 1 | |
| Slaughterhouse | 2 | |
| Sacrificial Pit | 1 | |
| Boneyard | 1 | |
16 total
» build order
00:07 Ziggurat
00:09 Crypt
00:26 Altar of Darkness
01:04 Graveyard
01:10 Nerubian Tower
02:01 Ziggurat
02:03 Tomb of Relics
03:05 Halls of the Dead
03:48 Ziggurat
05:39 Black Citadel
05:44 Slaughterhouse
05:48 Slaughterhouse
09:07 Ziggurat
09:41 Sacrificial Pit
10:36 Boneyard
10:53 Ziggurat
» items
| Sacrificial Skull | 2 | |
| Scroll of Town Portal | 1 | |
| Scroll of Healing | 1 | |
| Potion of Healing | 1 | |
| Potion of Mana | 1 | |
6 total

»
slaughterer69 (
pink | 34 APM | 299 actions | 08:55)
2 Death Knight
1 Death Coil
1 Unholy Aura
» actions
| Build / train | 30 | |
| Enter build submenu | 12 | |
| Enter hero's abilities submenu | 2 | |
| Remove unit from queue | 2 | |
| Right click | 114 | |
| Select / deselect | 101 | |
| Use ability | 38 | |
299 total
» units
» upgrades
| Creature Carapace | 0 | |
| Unholy Armor | 1 | |
| Cannibalize | 1 | |
| Unholy Strength | 1 | |
3 total
» buildings
| Crypt | 1 | |
| Ziggurat | 5 | |
| Altar of Darkness | 1 | |
| Graveyard | 1 | |
| Tomb of Relics | 1 | |
| Halls of the Dead | 2 | |
| Spirit Tower | 2 | |
13 total
» build order
00:22 Crypt
00:25 Ziggurat
00:55 Altar of Darkness
01:02 Ziggurat
01:45 Graveyard
02:30 Tomb of Relics
04:06 Halls of the Dead
04:07 Halls of the Dead
04:41 Ziggurat
05:50 Spirit Tower
05:59 Ziggurat
06:02 Ziggurat
07:47 Spirit Tower
» items
MyJeR (
red | 46 APM | 544 actions | 11:43)
3 Keeper of the Grove
1 Force of Nature
1 Entangling Roots
1 Thorns Aura
2 Priestess of the Moon
1 Trueshot Aura
1 Searing Arrows
» actions
| Assign group hotkey | 16 | |
| Build / train | 55 | |
| Enter build submenu | 14 | |
| Enter hero's abilities submenu | 5 | |
| Right click | 165 | |
| Select / deselect | 128 | |
| Select group hotkey | 137 | |
| Use ability | 24 | |
544 total
» units
| Wisp | 17 | |
| Archer | 15 | |
| Hippogryph | 5 | |
| Dryad | 2 | |
39 total
» upgrades
| Improved Bows | 1 | |
| Ultravision | 1 | |
| Backpack | 1 | |
| Hippogryph Taming | 1 | |
| Abolish Magic | 1 | |
| Moon Armor | 1 | |
| Strength of the Moon | 1 | |
7 total
» buildings
| Moon Well | 6 | |
| Altar of Elders | 1 | |
| Ancient of War | 1 | |
| Tree of Ages | 1 | |
| Tree of Life | 1 | |
| Ancient of Wonders | 1 | |
| Hunter's Hall | 1 | |
| Ancient of Wind | 2 | |
| Ancient of Lore | 1 | |
15 total
» build order
00:31 Moon Well
00:42 Altar of Elders
01:22 Ancient of War
01:34 Moon Well
02:33 Tree of Ages
03:26 Tree of Life
04:04 Moon Well
04:31 Ancient of Wonders
04:47 Hunter's Hall
05:28 Ancient of Wind
05:45 Ancient of Wind
06:35 Ancient of Lore
10:31 Moon Well
11:19 Moon Well
11:23 Moon Well

»
beutetierchen (
yellow | 25 APM | 289 actions | 11:43)
2 Blademaster
1 Wind Walk
1 Critical Strike
» actions
| Assign group hotkey | 1 | |
| Build / train | 24 | |
| Enter build submenu | 16 | |
| Enter hero's abilities submenu | 2 | |
| Right click | 80 | |
| Select / deselect | 68 | |
| Select group hotkey | 73 | |
| Use ability | 25 | |
289 total
» units
» upgrades
| Spiked Barricades | 1 | |
| Reinforced Defenses | 1 | |
| Envenomed Spears | 1 | |
| Armor | 1 | |
4 total
» buildings
| Altar of Storms | 1 | |
| Orc Burrow | 4 | |
| War Mill | 1 | |
| Voodoo Lounge | 1 | |
| Watch Tower | 7 | |
| Stronghold | 1 | |
| Fortress | 1 | |
| Beastiary | 2 | |
18 total
» build order
01:24 Altar of Storms
01:28 Orc Burrow
01:56 War Mill
02:21 Voodoo Lounge
03:41 Watch Tower
04:42 Stronghold
04:49 Orc Burrow
05:48 Watch Tower
06:54 Watch Tower
07:06 Fortress
07:49 Watch Tower
08:00 Watch Tower
08:06 Beastiary
08:45 Beastiary
09:00 Orc Burrow
09:28 Watch Tower
09:35 Watch Tower
10:47 Orc Burrow
» items
| Healing Salve | 1 | |
| Boots of Speed | 2 | |
| Orb of Corruption | 1 | |
| Potion of Healing | 1 | |
5 total
team 2 (loser)
mrj_human (
orange | 96 APM | 1125 actions | 11:43)
3 Archmage
2 Summon Water Elemental
1 Brilliance Aura
1 Paladin
1 Holy Light
» actions
| Assign group hotkey | 107 | |
| Basic commands | 106 | |
| Build / train | 98 | |
| ESC pressed | 3 | |
| Enter build submenu | 17 | |
| Enter hero's abilities submenu | 4 | |
| Give item / drop item | 4 | |
| Right click | 297 | |
| Select / deselect | 243 | |
| Select group hotkey | 192 | |
| Use ability | 51 | |
1125 total
» units
» upgrades
| Gunpowder | 2 | |
| Masonry | 1 | |
| Armor | 1 | |
| Long Rifles | 1 | |
| Lumber Harvesting | 1 | |
6 total
» buildings
| Altar of Kings | 1 | |
| Lumber Mill | 1 | |
| Farm | 8 | |
| Blacksmith | 1 | |
| Barracks | 1 | |
| Town Hall | 1 | |
| Scout Tower | 3 | |
| Arcane Tower | 5 | |
| Arcane Vault | 1 | |
| Keep | 5 | |
| Guard Tower | 5 | |
| Castle | 3 | |
| Arcane Sanctum | 3 | |
38 total
» build order
00:11 Altar of Kings
00:23 Lumber Mill
00:37 Farm
01:23 Blacksmith
01:37 Barracks
01:51 Farm
01:52 Farm
01:52 Farm
04:11 Town Hall
04:59 Scout Tower
05:18 Arcane Tower
05:19 Arcane Tower
05:19 Arcane Tower
05:52 Arcane Vault
05:56 Scout Tower
05:57 Scout Tower
06:42 Keep
06:42 Keep
06:42 Keep
06:42 Keep
07:06 Arcane Tower
07:07 Guard Tower
07:08 Guard Tower
07:08 Guard Tower
07:08 Guard Tower
08:35 Farm
08:39 Farm
08:40 Farm
08:40 Farm
09:52 Castle
09:53 Castle
09:53 Castle
10:25 Arcane Sanctum
10:42 Arcane Sanctum
10:59 Arcane Sanctum
» items
| Scroll of Regeneration | 1 | |
| Lesser Clarity Potion | 1 | |
| Potion of Mana | 2 | |
| Potion of Healing | 1 | |
5 total
aGain.reGGins (
green | 83 APM | 972 actions | 11:43)
3 Blademaster
2 Wind Walk
1 Critical Strike
1 Shadow Hunter
1 Hex
1 Tauren Chieftain
1 War Stomp
» actions
| Assign group hotkey | 48 | |
| Basic commands | 37 | |
| Build / train | 41 | |
| Enter build submenu | 15 | |
| Enter hero's abilities submenu | 5 | |
| Give item / drop item | 3 | |
| Remove unit from queue | 1 | |
| Right click | 408 | |
| Select / deselect | 183 | |
| Select group hotkey | 178 | |
| Use ability | 53 | |
972 total
» units
» upgrades
» buildings
| Altar of Storms | 1 | |
| Orc Burrow | 3 | |
| Barracks | 1 | |
| Voodoo Lounge | 1 | |
| Stronghold | 1 | |
| War Mill | 1 | |
| Fortress | 1 | |
| Beastiary | 2 | |
| Watch Tower | 1 | |
12 total
» build order
00:02 Altar of Storms
00:17 Orc Burrow
00:34 Barracks
01:12 Voodoo Lounge
01:57 Orc Burrow
03:59 Stronghold
04:33 Orc Burrow
05:01 War Mill
07:20 Fortress
07:53 Beastiary
08:10 Watch Tower
08:13 Beastiary
» items
| Healing Salve | 3 | |
| Circlet of Nobility | 5 | |
| Boots of Speed | 1 | |
| Lesser Clarity Potion | 1 | |
| Orb of Lightning | 1 | |
11 total
Ziut_Bryk (
teal | 51 APM | 600 actions | 11:43)
3 Keeper of the Grove
1 Force of Nature
2 Entangling Roots
1 Priestess of the Moon
1 Trueshot Aura
» actions
| Assign group hotkey | 20 | |
| Basic commands | 9 | |
| Build / train | 51 | |
| Enter build submenu | 17 | |
| Enter hero's abilities submenu | 4 | |
| Remove unit from queue | 1 | |
| Right click | 277 | |
| Select / deselect | 172 | |
| Select group hotkey | 21 | |
| Use ability | 28 | |
600 total
» units
» upgrades
» buildings
| Ancient of War | 1 | |
| Moon Well | 5 | |
| Altar of Elders | 1 | |
| Tree of Life | 1 | |
| Hunter's Hall | 1 | |
| Ancient of Wonders | 1 | |
| Tree of Ages | 2 | |
| Ancient of Wind | 3 | |
| Ancient of Lore | 3 | |
| Tree of Eternity | 1 | |
19 total
» build order
00:09 Ancient of War
00:18 Moon Well
00:49 Altar of Elders
01:41 Moon Well
03:11 Moon Well
04:55 Tree of Life
06:26 Hunter's Hall
06:31 Ancient of Wonders
07:15 Tree of Ages
07:16 Tree of Ages
09:13 Moon Well
10:48 Ancient of Wind
10:54 Ancient of Wind
10:58 Ancient of Wind
11:08 Ancient of Lore
11:11 Ancient of Lore
11:14 Ancient of Lore
11:35 Tree of Eternity
11:41 Moon Well
Vipi_DeSalimoN. (
blue | 58 APM | 587 actions | 10:02)
3 Blademaster
1 Wind Walk
2 Critical Strike
1 Tauren Chieftain
1 War Stomp
» actions
| Basic commands | 7 | |
| Build / train | 38 | |
| Enter build submenu | 12 | |
| Enter hero's abilities submenu | 4 | |
| Right click | 356 | |
| Select / deselect | 137 | |
| Use ability | 33 | |
587 total
» units
» upgrades
» buildings
| Orc Burrow | 3 | |
| Altar of Storms | 1 | |
| Barracks | 1 | |
| Voodoo Lounge | 1 | |
| Stronghold | 3 | |
| War Mill | 1 | |
| Watch Tower | 3 | |
| Spirit Lodge | 1 | |
14 total
» build order
00:07 Orc Burrow
00:09 Altar of Storms
00:59 Barracks
01:07 Voodoo Lounge
01:21 Orc Burrow
03:57 Stronghold
03:57 Stronghold
04:12 Orc Burrow
04:54 War Mill
08:05 Watch Tower
08:17 Spirit Lodge
09:38 Watch Tower
09:52 Watch Tower
» items
| Healing Salve | 2 | |
| Lesser Clarity Potion | 2 | |
| Scroll of Speed | 2 | |
6 total
Chat log
(00:45 / Allies) mrj_human: rifle caster
(00:49 / Allies) Vipi_DeSalimoN.: green bm?
(01:03 / Allies) aGain.reGGins: yes
(06:25 / Allies) Vipi_DeSalimoN.: shop
(08:56 / All) Vipi_DeSalimoN.: yellow u mega imba
(09:25 / All) Vipi_DeSalimoN.: yellow me 4 lvl bm
(09:34 / All) Vipi_DeSalimoN.: u total noob
(09:54 / Allies) aGain.reGGins: nice hero blue
(10:00 / Allies) aGain.reGGins: LOOOL
(10:07 / All) aGain.reGGins: LOOOL
(10:18 / All) aGain.reGGins: hahaha